 Dungeon Crawl Stone Soup version 0.17.1-3-g152610e (webtiles) character file.

82 inmateoo the Charmwright (level 4, -1/30 HPs)
             Began as a High Elf Skald on Feb 22, 2016.
             Was a Follower of Cheibriados.
             Slain by bollicks1999's ghost (6 damage)
             ... on level 3 of the Dungeon.
             The game lasted 00:03:05 (2262 turns).

inmateoo the Charmwright (High Elf Skald)           Turns: 2262, Time: 00:03:05

Health: -1/30      AC: 10    Str: 15    XL:     4   Next: 21%
Magic:  8/8        EV:  4    Int: 18    God:    Cheibriados [*.....]
Gold:   170        SH:  0    Dex: 18    Spells: 1 memorised, 7 levels left

rFire  . . .     SeeInvis .     f - +1 dagger (holy)
rCold  . . .     Clarity  .     q - +0 plate armour
rNeg   . . .     SustAt   .     (no shield)
rPois  .         Gourm    .     (no helmet)
rElec  .         Spirit   .     (no cloak)
rCorr  .         Warding  .     (no gloves)
rMut   .         Stasis   .     (no boots)
MR     +....                    (no amulet)
Stlth  ..........               (no ring)
                                e - ring of protection from magic (curse)

@: very slow, somewhat resistant to hostile enchantments, extremely unstealthy
A: no striking features
a: Bend Time, Renounce Religion


You were on level 3 of the Dungeon.
You worshipped Cheibriados.
Cheibriados was aware of your devotion.
You were not hungry.

You visited 1 branch of the dungeon, and saw 3 of its levels.

You collected 170 gold pieces.

Inventory:

Hand Weapons
 a - a +0 spear
 f - a +1 dagger of holy wrath (weapon)
Missiles
 b - 16 poisoned needles
Armour
 q - a +0 plate armour (worn)
Jewellery
 e - a cursed ring of protection from magic (left hand)
Scrolls
 l - a scroll of enchant armour {unknown}
 n - 2 scrolls of remove curse {unknown}
 o - a scroll of enchant weapon {unknown}
Potions
 i - 2 potions of cancellation {unknown}
 m - a potion of invisibility {unknown}
 p - a potion of degeneration {unknown}
 r - a potion of magic {unknown}
Books
 c - a book of Battle

   Spells                             Type                      Level
   a - Infusion                       Charms                       1
   b - Shroud of Golubria             Charms/Translocation         2
   c - Song of Slaying                Charms                       2
   d - Spectral Weapon                Hexes/Charms                 3
   e - Regeneration                   Charms/Necromancy            3
Comestibles
 d - 3 bread rations
 j - 2 meat rations


   Skills:
 * Level 2.7 Fighting
 - Level 1.7 Polearms
 + Level 1.3 Armour
 - Level 1.3 Dodging
 * Level 1.2 Unarmed Combat
 + Level 2.6 Spellcasting
 + Level 4.3 Charms
 + Level 0.7 Invocations


You had 7 spell levels left.
You knew the following spells:

 Your Spells              Type           Power        Failure   Level  Hunger
a - Infusion              Chrm           ###...       100%        1    #......


Dungeon Overview and Level Annotations

Branches:
Dungeon (3/15)

Altars:
Cheibriados
Nemelex Xobeh

Annotations:
D:3 bollicks1999's ghost, amateur MiFi


Message History

Bollicks1999's ghost is severely damaged.
The rat bites you but does no damage.
Bollicks1999's ghost hits you but does no damage.
You hit bollicks1999's ghost but do no damage.
Bollicks1999's ghost is severely damaged.
The rat bites you but does no damage. Bollicks1999's ghost hits you.
You hit bollicks1999's ghost.
Bollicks1999's ghost convulses.
Bollicks1999's ghost is severely damaged.
The rat completely misses you.
Bollicks1999's ghost hits you but does no damage.
You hit bollicks1999's ghost.
Bollicks1999's ghost convulses.
Bollicks1999's ghost is severely damaged.
You feel less woody.
Your +0 plate armour unmelds from your body.
The rat bites you but does no damage. Bollicks1999's ghost hits you!
* * * LOW HITPOINT WARNING * * *
You hit bollicks1999's ghost.
Bollicks1999's ghost convulses.
Bollicks1999's ghost is severely damaged.
The rat bites you but does no damage. Bollicks1999's ghost hits you.
You die...

........#.....# #.#
....#.....#.#.#.#.###.#
..........#.#)........#
......###.#..##.#....##
.......##.##.##.....##
........#.##..#.#.#.#
.......!#.#.#.#<..#.#
......r.#.......†.#.#
......W@###.......#.#
........###.#...###.###
........)(............##
........###.##..##......
........# #.##...#......
........# #.....[.......
......... ##..♣.♣.......
......... #.............
............♣.....♣.....


You could see bollicks1999's ghost and a rat.

Vanquished Creatures
  4 adders
  A worm (D:2)
  A giant gecko (D:2)
  An orc (D:3)
  2 ball pythons (D:3)
  2 giant cockroaches
  7 goblins
  8 hobgoblins
  4 kobolds
  A quokka (D:2)
  2 bats (D:3)
  2 giant newts
  6 rats
41 creatures vanquished.

Notes
Turn   | Place    | Note
--------------------------------------------------------------
     0 | D:1      | inmateoo the High Elf Skald began the quest for the Orb.
     0 | D:1      | Reached XP level 1. HP: 14/14 MP: 4/4
   121 | D:1      | Reached skill level 1 in Armour
   326 | D:1      | Reached XP level 2. HP: 6/19 MP: 6/6
   784 | D:1      | Found a snail-covered altar of Cheibriados.
   792 | D:1      | Became a worshipper of Cheibriados the Contemplative
   841 | D:2      | Found a faded altar to an unknown god.
   910 | D:2      | Found a sparkling altar of Nemelex Xobeh.
  1173 | D:2      | Reached XP level 3. HP: 17/25 MP: 7/7
  1186 | D:2      | Reached skill level 4 in Charms
  1254 | D:2      | Reached * piety under Cheibriados
  1662 | D:2      | Reached skill level 1 in Unarmed Combat
  2146 | D:3      | Reached XP level 4. HP: 21/30 MP: 8/8
  2229 | D:3      | Noticed bollicks1999's ghost (amateur MiFi)
  2262 | D:3      | Slain by bollicks1999's ghost

Action                   |  1- 3 |  4- 6 || total
-------------------------+-------+-------++-------
Melee: Spear             |   142 |       ||   142
       Dagger            |    54 |    45 ||    99
  Use: Potion            |     4 |     1 ||     5
       Scroll            |       |     2 ||     2
 Stab: Sleeping          |     1 |       ||     1
  Eat: Chunk             |     3 |       ||     3
